AoeStats
← 柳巷镇清一色

Nomad

506079791Analyzed
4v4 RM · 21d ago on Sep 12, 2026· 52m 30s· 8 players
Game mode
Random Map
Map size
231×231
Population
200
Speed
Normal
Resources
Standard
Victory
Conquest
Starting age
Dark Age
Ending age
Imperial Age
RankedLock teamsTeams togetherTeam positionsShared explorationLock speedFull tech treeHidden civsTurbo modeCheats
Victory
Defeat
🇷🇴 Inca · Romania
732
+16
🇦🇺 Vietnamese · Australia
721
+16
🇷🇴 Franks · Romania
664
+18
🇸🇪 Celts · Sweden
645
+19
🇷🇺 Vikings · Russia
746
-18
🇨🇳 Spanish · China
736
-18
🇮🇩 Romans · Indonesia
708
-17
🇨🇳 Teutons · China
693
-16
acilr
15:47 Feudal Age
16:45 Double-Bit Axe
16:43 Horse Collar
25:16 Castle Age
23:30 Stone Mining
23:46 Gold Mining
25:45 Wheelbarrow
25:55 Pikeman
26:36 Squires
Light
4:22 Loom
16:25 Feudal Age
16:59 Double-Bit Axe
19:37 Horse Collar
Klaus
4:38 Loom
18:32 Feudal Age
19:05 Town Watch
22:44 Castle Age
21:05 Fishing Lines
22:57 Double-Bit Axe
27:36 Gillnets
29:35 Padded Archer Armor
36:15 Imperial Age
34:26 Wheelbarrow
38:31 Leather Archer Armor
38:42 Conscription
39:49 Gold Mining
39:50 Stone Mining
42:35 Ring Archer Armor
44:31 Bloodlines
44:22 Husbandry
44:54 Bow Saw
46:07 Chemistry
45:59 Murder Holes
48:05 Herbal Medicine
47:57 Elite Conquistador
柳巷镇清一色
18:32 Feudal Age
22:13 Castle Age
20:55 Loom
24:49 Stone Mining
26:34 Horse Collar
29:40 Double-Bit Axe
35:07 Wheelbarrow
XatroX
17:37 Feudal Age
26:39 Double-Bit Axe
26:35 Horse Collar
30:56 Castle Age
33:05 Andean Sling
33:55 Forging
33:36 Fletching
33:50 Scale Mail Armor
39:39 Iron Casting
39:20 Chain Mail Armor
39:50 Pikeman
40:31 Squires
40:17 Arson
41:04 Heavy Plow
41:15 Bow Saw
44:01 Bow Saw
44:55 Padded Archer Armor
44:46 Fletching
44:30 Crossbowman
45:16 Thumb Ring
Wirsh
2:55 Loom
13:14 Feudal Age
16:17 Double-Bit Axe
20:26 Man-at-Arms
20:53 Arson
25:11 Forging
25:02 Scale Mail Armor
29:04 Gold Mining
28:56 Horse Collar
30:30 Wheelbarrow
32:09 Castle Age
37:30 Hand Cart
39:54 Imperial Age
37:49 Hand Cart
37:54 Bow Saw
40:07 Ballistics
40:52 Siege Engineers
42:27 Town Watch
43:22 Gold Shaft Mining
45:13 Heavy Scorpion
50:36 Chemistry
50:08 Furor Celtica
50:28 Conscription
roLynxLynx
5:26 Loom
14:24 Feudal Age
16:24 Forging
16:19 Scale Barding Armor
22:02 Scale Barding Armor
23:03 Arson
23:20 Scale Mail Armor
30:26 Castle Age
28:55 Fletching
29:05 Padded Archer Armor
35:11 Imperial Age
34:04 Husbandry
34:55 Chain Barding Armor
34:46 Double-Bit Axe
36:13 Wheelbarrow
36:57 Pikeman
38:35 Hand Cart
39:31 Chain Mail Armor
40:16 Man-at-Arms
40:41 Gambesons
42:44 Squires
42:35 Long Swordsman
46:13 Crossbowman
47:11 Gold Mining
47:12 Stone Mining
47:01 Halberdier
48:34 Conscription
49:05 Cavalier
shamwow60
16:10 Feudal Age
20:13 Forging
20:08 Scale Barding Armor
20:18 Bloodlines
31:19 Castle Age
32:11 Loom
34:42 Gold Mining
35:41 Light Cavalry
36:23 Husbandry
41:21 Horse Collar
Connection lost

Rejoining the realm…

Still unreachable

The connection could not be restored.

Session expired

The server has moved on; the page needs a fresh start.